IL
CHARLOTTE KNIGHTS @ PAWTUCKET RED SOX
07/02/2048
 
TOP OF THE 1ST
Charlotte Knights batting - Pitching for Pawtucket Red Sox : RHP Graham Jackson
Pitching: RHP Graham Jackson
Batting: LHB John Thurman 0-0: Called Strike
0-1: Ball
1-1: Fly out, F7 (Line Drive, 78M, EV 83.1 MPH)
Batting: LHB Carlos Ramirez 0-0: Ball
1-0: SINGLE (Groundball, 3S, EV 67.5 MPH) (infield hit)
Batting: LHB Ricardo Pagan 0-0: Ball
1-0: Called Strike
1-1: Fielders Choice at 2nd, 5-4 (Groundball, 56, EV 101.9 MPH)
Batting: RHB Ron Johansen 0-0: Called Strike
0-1: Ball
1-1: Foul Ball, location: 2F
1-2: Strikes out swinging
Top of the 1st over - 0 runs, 1 hit, 0 errors, 1 left on base; Charlotte 0 - Pawtucket 0
BOTTOM OF THE 1ST
Pawtucket Red Sox batting - Pitching for Charlotte Knights : LHP Carlos Toledo
Pitching: LHP Carlos Toledo
Batting: RHB John Chiesa 0-0: Ball
1-0: SINGLE (Flyball, 34D, EV 90.0 MPH)
Batting: RHB Brandon Perris 0-0: Ball
1-0: Foul Ball, location: 2F
1-1: Ball
2-1: Called Strike
2-2: Foul Ball, location: 2F
2-2: Foul Ball, location: 2F
2-2: Foul Ball, location: 2F
2-2: Foul Ball, location: 2F
2-2: SINGLE (Line Drive, 6MD, EV 102.5 MPH)
John Chiesa to second
Batting: RHB Matt Hinkle 0-0: Foul Ball, location: 2F
0-1: Ball
1-1: Ball
2-1: Swinging Strike
2-2: Foul Ball, location: 2F
2-2: SINGLE (Groundball, 6M, EV 101.9 MPH) (infield hit)
John Chiesa to third
Brandon Perris to second
Batting: SHB Willie Koviak 0-0: Called Strike
0-1: Ball
1-1: Grounds into double play, 3-6-3 (Groundball, 34D, EV 80.0 MPH)
John Chiesa scores
Brandon Perris to third
Batting: RHB Ernie Genier 0-0: Called Strike
0-1: Ball
1-1: SINGLE (Groundball, 56D, EV 105.0 MPH)
Brandon Perris scores
Batting: RHB Sal Rivera 0-0: Ball
1-0: Ball
2-0: Ball
3-0: Called Strike
3-1: Called Strike
3-2: Foul Ball, location: 2F
3-2: Ground out 6-3 (Groundball, 6M, EV 86.2 MPH)
Bottom of the 1st over - 2 runs, 4 hits, 0 errors, 1 left on base; Charlotte 0 - Pawtucket 2
TOP OF THE 2ND
Charlotte Knights batting - Pitching for Pawtucket Red Sox : RHP Graham Jackson
Batting: SHB Matt Childers 0-0: Ball
1-0: Ball
2-0: Called Strike
2-1: Ball
3-1: Base on Balls
Batting: RHB Vic Lucatero 0-0: Ball
1-0: Swinging Strike
1-1: Foul Ball, location: 2F
1-2: Strikes out swinging
Batting: LHB Adam Tarbutton 0-0: Fly out, F9 (Flyball, 89M, EV 91.2 MPH)
Batting: RHB Kikuo Sato 0-0: Fly out, F4 (Flyball, 4D, EV 93.1 MPH)
Top of the 2nd over - 0 runs, 0 hits, 0 errors, 1 left on base; Charlotte 0 - Pawtucket 2
BOTTOM OF THE 2ND
Pawtucket Red Sox batting - Pitching for Charlotte Knights : LHP Carlos Toledo
Batting: RHB Joe Sandoval 0-0: Ball
1-0: Ground out 5-3 (Groundball, 5S, EV 68.1 MPH)
Batting: RHB David Norum 0-0: Called Strike
0-1: Foul Ball, location: 2F
0-2: Strikes out swinging
Batting: RHB Joe Evrard 0-0: Ball
1-0: Ball
2-0: Ball
3-0: Called Strike
3-1: Foul Ball, location: 2F
3-2: Base on Balls
Batting: RHB John Chiesa 0-0: Called Strike
0-1: Foul Ball, location: 2F
0-2: Ball
1-2: Foul Ball, location: 2F
1-2: Foul Ball, location: 2F
1-2: Foul Ball, location: 2F
1-2: Ball
2-2: Foul Ball, location: 2F
2-2: Fly out, F3 (Popup, 13, EV 71.9 MPH)
Bottom of the 2nd over - 0 runs, 0 hits, 0 errors, 1 left on base; Charlotte 0 - Pawtucket 2
TOP OF THE 3RD
Charlotte Knights batting - Pitching for Pawtucket Red Sox : RHP Graham Jackson
Batting: RHB Steve Waltenbery 0-0: Called Strike
0-1: Foul Ball, location: 2F
0-2: Ball
1-2: Strikes out swinging
Batting: LHB John Thurman 0-0: Ball
1-0: Swinging Strike
1-1: Fly out, F7 (Flyball, 7, EV 86.9 MPH)
Batting: LHB Carlos Ramirez 0-0: Ground out 4-3 (Groundball, 34D, EV 105.6 MPH)
Top of the 3rd over - 0 runs, 0 hits, 0 errors, 0 left on base; Charlotte 0 - Pawtucket 2
BOTTOM OF THE 3RD
Pawtucket Red Sox batting - Pitching for Charlotte Knights : LHP Carlos Toledo
Batting: RHB Brandon Perris 0-0: Ball
1-0: Ball
2-0: Swinging Strike
2-1: Foul Ball, location: 2F
2-2: Strikes out swinging
Batting: RHB Matt Hinkle 0-0: Ball
1-0: Ball
2-0: SOLO HOME RUN (Flyball, 7D, EV 95.6 MPH), Distance : 361 ft
Batting: SHB Willie Koviak 0-0: Foul Ball, location: 2F
0-1: SINGLE (Groundball, 4M, EV 81.9 MPH) (infield hit)
Batting: RHB Ernie Genier 0-0: Foul Ball, location: 2F
0-1: Foul Ball, location: 2F
0-2: Foul Ball, location: 2F
0-2: Strikes out looking
Batting: RHB Sal Rivera 0-0: Ball
1-0: Swinging Strike
1-1: Called Strike
1-2: Strikes out looking
Bottom of the 3rd over - 1 run, 2 hits, 0 errors, 1 left on base; Charlotte 0 - Pawtucket 3
TOP OF THE 4TH
Charlotte Knights batting - Pitching for Pawtucket Red Sox : RHP Graham Jackson
Batting: LHB Ricardo Pagan 0-0: Fly out, F8 (Flyball, 8LXD, EV 101.2 MPH)
Batting: RHB Ron Johansen 0-0: Called Strike
0-1: Ball
1-1: Swinging Strike
1-2: Ball
2-2: SINGLE (Groundball, 5S, EV 73.8 MPH) (infield hit)
Batting: SHB Matt Childers 0-0: Called Strike
0-1: Called Strike
0-2: Strikes out swinging
Batting: RHB Vic Lucatero 0-0: Ball
1-0: Called Strike
Ron Johansen is caught stealing 2nd base 2-4
Top of the 4th over - 0 runs, 1 hit, 0 errors, 0 left on base; Charlotte 0 - Pawtucket 3
BOTTOM OF THE 4TH
Pawtucket Red Sox batting - Pitching for Charlotte Knights : LHP Carlos Toledo
Batting: RHB Joe Sandoval 0-0: Ball
1-0: Swinging Strike
1-1: Called Strike
1-2: Strikes out looking
Batting: RHB David Norum 0-0: Ball
1-0: Ground out 5-3 (Groundball, 15, EV 85.6 MPH)
Batting: RHB Joe Evrard 0-0: Ball
1-0: Ball
2-0: Ball
3-0: Base on Balls
Batting: RHB John Chiesa 0-0: Called Strike
0-1: Fly out, F6 (Line Drive, 6, EV 60.6 MPH)
Bottom of the 4th over - 0 runs, 0 hits, 0 errors, 1 left on base; Charlotte 0 - Pawtucket 3
TOP OF THE 5TH
Charlotte Knights batting - Pitching for Pawtucket Red Sox : RHP Graham Jackson
Batting: RHB Vic Lucatero 0-0: Ball
1-0: Called Strike
1-1: Ball
2-1: Ball
3-1: Foul Ball, location: 2F
3-2: Foul Ball, location: 2F
3-2: Fly out, F8 (Flyball, 8RM, EV 89.4 MPH)
Batting: LHB Adam Tarbutton 0-0: Foul Ball, location: 2F
0-1: Ground out 5-3 (Groundball, 56, EV 84.4 MPH)
Batting: RHB Kikuo Sato 0-0: Ball
1-0: Called Strike
1-1: Swinging Strike
1-2: Ball
2-2: Fly out, F9 (Line Drive, 9LM, EV 86.2 MPH)
Top of the 5th over - 0 runs, 0 hits, 0 errors, 0 left on base; Charlotte 0 - Pawtucket 3
BOTTOM OF THE 5TH
Pawtucket Red Sox batting - Pitching for Charlotte Knights : LHP Carlos Toledo
Batting: RHB Brandon Perris 0-0: Foul Ball, location: 2F
0-1: Called Strike
0-2: Ball
1-2: SINGLE (Line Drive, 7S, EV 96.2 MPH)
Batting: RHB Matt Hinkle 0-0: Called Strike
0-1: Foul Ball, location: 2F
0-2: Strikes out swinging
Batting: SHB Willie Koviak 0-0: Called Strike
0-1: Ball
1-1: TRIPLE (Flyball, 9D, EV 96.2 MPH)
Brandon Perris scores
Batting: RHB Ernie Genier 0-0: Intentional Walk
Batting: RHB Sal Rivera 0-0: Ball
1-0: Ball
2-0: Ball
3-0: Called Strike
3-1: SINGLE (Groundball, 23, EV 68.8 MPH) (infield hit)
Ernie Genier to second
Batting: RHB Joe Sandoval 0-0: Called Strike
0-1: Ball
1-1: Swinging Strike
1-2: Ball
2-2: Ball
3-2: Base on Balls
Willie Koviak scores
Ernie Genier to third
Sal Rivera to second
Pitching: RHP Matt Peck
Batting: RHB David Norum 0-0: SINGLE (Groundball, 3S, EV 70.6 MPH) (infield hit)
Ernie Genier scores
Sal Rivera to third
Joe Sandoval to second
Batting: RHB Joe Evrard 0-0: Foul Ball, location: 2F
0-1: Ball
1-1: SINGLE (Line Drive, 78S, EV 98.1 MPH)
Sal Rivera scores
Joe Sandoval to third
David Norum to second
Runner from 3rd tries for Home, throw by LF and OUT! 7-2
David Norum to third
Joe Evrard to second
Batting: RHB John Chiesa 0-0: Called Strike
0-1: Called Strike
0-2: Ball
1-2: Foul Ball, location: 2F
1-2: Foul Ball, location: 2F
1-2: Ground out U3 (Groundball, 3S, EV 81.2 MPH)
Bottom of the 5th over - 4 runs, 5 hits, 0 errors, 2 left on base; Charlotte 0 - Pawtucket 7
TOP OF THE 6TH
Charlotte Knights batting - Pitching for Pawtucket Red Sox : RHP Graham Jackson
Batting: RHB Steve Waltenbery 0-0: Swinging Strike
0-1: Ball
1-1: Swinging Strike
1-2: Strikes out swinging
Batting: LHB John Thurman 0-0: Called Strike
0-1: Called Strike
0-2: Strikes out swinging
Batting: LHB Carlos Ramirez 0-0: Ball
1-0: SINGLE (Groundball, 6D, EV 105.6 MPH)
Batting: LHB Ricardo Pagan 0-0: Called Strike
0-1: Swinging Strike
0-2: Ball
1-2: Strikes out looking
Top of the 6th over - 0 runs, 1 hit, 0 errors, 1 left on base; Charlotte 0 - Pawtucket 7
BOTTOM OF THE 6TH
Pawtucket Red Sox batting - Pitching for Charlotte Knights : RHP Matt Peck
Batting: RHB Brandon Perris 0-0: Ground out 5-3 (Groundball, 5, EV 101.9 MPH)
Batting: RHB Matt Hinkle 0-0: Called Strike
0-1: Ball
1-1: Called Strike
1-2: Foul Ball, location: 2F
1-2: Strikes out looking
Batting: SHB Willie Koviak 0-0: Ground out 4-3 (Groundball, 4, EV 98.1 MPH)
Bottom of the 6th over - 0 runs, 0 hits, 0 errors, 0 left on base; Charlotte 0 - Pawtucket 7
TOP OF THE 7TH
Charlotte Knights batting - Pitching for Pawtucket Red Sox : RHP Graham Jackson
Batting: RHB Ron Johansen 0-0: Ball
1-0: Ball
2-0: Ball
3-0: Called Strike
3-1: TRIPLE (Flyball, 78XD, EV 93.1 MPH)
Pinch Hitting: RHB Danny Longoria 0-0: Ground out 6-3 (Groundball, 6S, EV 86.9 MPH)
Ron Johansen scores
Batting: RHB Vic Lucatero 0-0: Foul Ball, location: 2F
0-1: Ball
1-1: Foul Ball, location: 2F
1-2: Ground out 6-3 (Groundball, 6, EV 81.9 MPH)
Batting: LHB Adam Tarbutton 0-0: Called Strike
0-1: Ball
1-1: Ground out 6-3 (Groundball, 6, EV 88.1 MPH)
Top of the 7th over - 1 run, 1 hit, 0 errors, 0 left on base; Charlotte 1 - Pawtucket 7
BOTTOM OF THE 7TH
Pawtucket Red Sox batting - Pitching for Charlotte Knights : RHP Matt Peck
Now at 3B: Danny Longoria
Batting: RHB Ernie Genier 0-0: Ball
1-0: Ball
2-0: Swinging Strike
2-1: Foul Ball, location: 2F
2-2: Ball
3-2: Foul Ball, location: 2F
3-2: Fly out, F7 (Flyball, 7D, EV 105.0 MPH)
Batting: RHB Sal Rivera 0-0: Fly out, F8 (Flyball, 8RM, EV 92.5 MPH)
Batting: RHB Joe Sandoval 0-0: Ball
1-0: Ball
2-0: Foul Ball, location: 2F
2-1: Ball
3-1: Foul Ball, location: 2F
3-2: Strikes out swinging, 2-3 out at first.
Bottom of the 7th over - 0 runs, 0 hits, 0 errors, 0 left on base; Charlotte 1 - Pawtucket 7
TOP OF THE 8TH
Charlotte Knights batting - Pitching for Pawtucket Red Sox : RHP Graham Jackson
Batting: RHB Kikuo Sato 0-0: Called Strike
0-1: Ground out 6-3 (Groundball, 6, EV 84.4 MPH)
Batting: RHB Steve Waltenbery 0-0: Ball
1-0: Fly out, F3 (Popup, 3F, EV 67.5 MPH)
Batting: LHB John Thurman 0-0: Foul Ball, location: 2F
0-1: Foul Ball, location: 2F
0-2: Ball
1-2: Ball
2-2: Foul Ball, location: 2F
2-2: Foul Ball, location: 2F
2-2: Ball
3-2: Base on Balls
Batting: LHB Carlos Ramirez 0-0: Called Strike
0-1: Swinging Strike
0-2: Ball
1-2: Foul Ball, location: 2F
1-2: Foul Ball, location: 2F
1-2: Foul Ball, location: 2F
1-2: Fielders Choice at 2nd, U4 (Groundball, 4M, EV 78.8 MPH)
Top of the 8th over - 0 runs, 0 hits, 0 errors, 1 left on base; Charlotte 1 - Pawtucket 7
BOTTOM OF THE 8TH
Pawtucket Red Sox batting - Pitching for Charlotte Knights : RHP Matt Peck
Batting: RHB David Norum 0-0: Ball
1-0: Swinging Strike
1-1: SINGLE (Groundball, 56D, EV 96.9 MPH)
Pitching: LHP Bobby Martin
Batting: RHB Joe Evrard 0-0: Swinging Strike
0-1: Swinging Strike
0-2: Strikes out swinging
Batting: RHB John Chiesa 0-0: Ball
1-0: Called Strike
1-1: Foul Ball, location: 2F
1-2: Ball
2-2: Fly out, F8 (Flyball, 8LM, EV 97.5 MPH)
Batting: RHB Brandon Perris 0-0: Ball
1-0: Called Strike
1-1: Foul Ball, location: 2F
1-2: Strikes out looking
Bottom of the 8th over - 0 runs, 1 hit, 0 errors, 1 left on base; Charlotte 1 - Pawtucket 7
TOP OF THE 9TH
Charlotte Knights batting - Pitching for Pawtucket Red Sox : RHP Graham Jackson
Pitching: RHP Steve Capizzi
Batting: LHB Ricardo Pagan 0-0: Foul Ball, location: 2F
0-1: Called Strike
0-2: Ball
1-2: Ball
2-2: Ball
3-2: Base on Balls
Batting: RHB Ron Johansen 0-0: Foul Ball, location: 2F
0-1: Foul Ball, location: 2F
0-2: Ball
1-2: Ball
2-2: Ground out 4-3 (Groundball, 4S, EV 66.9 MPH)
Ricardo Pagan to second
Batting: RHB Danny Longoria 0-0: Ball
1-0: Ball
2-0: Called Strike
2-1: Foul Ball, location: 2F
2-2: Strikes out swinging
Batting: RHB Vic Lucatero 0-0: Ball
1-0: Ball
2-0: Ball
3-0: Called Strike
3-1: Fly out, F7 (Flyball, 7S, EV 85.0 MPH)
Top of the 9th over - 0 runs, 0 hits, 0 errors, 1 left on base; Charlotte 1 - Pawtucket 7
Tuesday, March 28th , 2023 - OOTP Baseball 23.10 Build 110